 Dungeon Crawl Stone Soup version 0.29.0-13-gc9e81de378 (webtiles) character file.

Game seed: 14044937114595460915

43 ILmort the Shooter (level 3, -1/22 HPs)
             Began as a Kobold Hunter on Sept 10, 2022.
             Killed by divine providence
             ... invoked by an orc priest
              (13 damage)
             ... on level 2 of the Dungeon.
             The game lasted 00:04:20 (1770 turns).

ILmort the Shooter (Kobold Hunter)                  Turns: 1770, Time: 00:04:20

Health: -1/22      AC:  6    Str:  8    XL:     3   Next: 82%
Magic:  3/3        EV: 15    Int: 10    God:
Gold:   129        SH:  0    Dex: 20    Spells: 2/2 levels left

rFire   . . .      SeeInvis .   a - +0 shortbow
rCold   . . .      Faith    .   (shield currently unavailable)
rNeg    . . .      Spirit   .   c - +0 leather armour
rPois   .          Reflect  .   m - +0 helmet
rElec   .          Harm     .   n - +0 cloak
rCorr   .          Rampage  .   o - +0 pair of gloves
Will    .....                   (no boots)
Stlth   +++.......              (no amulet)
HPRegen 0.07/turn               (no ring)
MPRegen 0.08/turn               (no ring)

@: no status effects
A: small, no large weapons, nightstalker 3
a: no special abilities


You were on level 2 of the Dungeon.
You visited 1 branch of the dungeon, and saw 3 of its levels.

You collected 129 gold pieces.

Inventory:

Hand Weapons
 a - a +0 shortbow (weapon)
Missiles
 f - 4 poisoned darts
Armour
 c - a +0 leather armour (worn)
 m - a +0 helmet (worn)
 n - a +0 cloak (worn)
 o - a +0 pair of gloves (worn)
Jewellery
 g - a ring of ice
 j - a ring of fire
Scrolls
 b - a scroll of immolation
 d - a scroll of noise {unknown}
 q - a scroll of poison {unknown}
 r - 3 scrolls of identify {unknown}
Potions
 e - a potion of ambrosia {unknown}
 h - a potion of brilliance {unknown}
 i - a potion of might {unknown}
 k - a potion of heal wounds {unknown}
 l - a potion of curing {unknown}
 p - a potion of berserk rage {unknown}


   Skills:
 + Level 2.7 Fighting
 * Level 6.0 Ranged Weapons
 + Level 3.0 Dodging
 + Level 2.4 Stealth


You had 2 spell levels left.
You didn't know any spells.
Your spell library contained the following spells:

 Spells                   Type           Power      Damage    Failure   Level
 Ensorcelled Hibernation  Hex/Ice        0%         N/A       63%         2
 Passwall                 Tmut/Erth      0%         N/A       63%         2
 Call Canine Familiar     Summ           0%         N/A       86%         3
 Portal Projectile        Hex/Tloc       0%         N/A       86%         3
 Swiftness                Air            0%         N/A       86%         3
 Leda's Liquefaction      Hex/Erth       0%         N/A       99%         4


Dungeon Overview and Level Annotations

Branches:
Dungeon (3/15)

Altars:


Innate Abilities, Weirdness & Mutations

You are small and have problems with some larger weapons.
You are completely attuned to the shadows.


Message History

The goblin shouts!
You shoot an arrow. The arrow hits the goblin.
You kill the goblin!
r - 3 scrolls labelled GOSUBR TILEJALE
There is a stone staircase leading up here.
Found a stone staircase leading down.
There is a stone staircase leading down here.
There is an open door here.
Done exploring.
Done exploring.
(D) Dungeon
Where to? (Enter - D:2, ? - help)
What level of the Dungeon? (default 1, ? - help)
There is a stone staircase leading down here.
You climb downwards.
Found 4 gold pieces.
There is a stone staircase leading up here.
There are monsters nearby!
You shoot an arrow. The arrow hits the orc priest!
The orc priest shouts!
The orc priest invokes the aid of Beogh against you.
Beogh smites you!
You are too injured to fight recklessly!
The orc priest barely misses you.
You climb upwards.
There is a stone staircase leading down here.
Really attack while wielding your +0 shortbow?
You closely miss the orc priest. The orc priest hits you with a +0 club.
You clumsily bash the orc priest but do no damage.
The orc priest closely misses you.
The orc priest hits you but does no damage.
You barely miss the orc priest.
The orc priest hits you but does no damage.
You clumsily bash the orc priest but do no damage.
The orc priest closely misses you. The orc priest barely misses you.
You clumsily bash the orc priest but do no damage.
The orc priest mumbles some strange prayers to Beogh against you.
Beogh smites you!
Ouch! That really hurt!
You die...

#.# #..........##...
######.###########.#....##..##...
................##.#.#####..##...
.......#........##.#.# #..##...
.......#.#####..##.#.#####..##...
.#.#####.# ###..##......##..##.##
.#..# #.# #.#....##.##.##..##.##
###.# #.###.##.#.#..##'##..##.#.
# #.# #.#.....o@...........##.#.
###.## #.###.##.#.#.#.....#.##.#.
##.).# #......#.#.#.#.....#.##.##
###.####.######...........#....##
.....#............#.......####...
#.######.######.................#
#.# #.# #.#.........#####.# #.#
#.# #.#.#######.#####.# #.#
#.######.#.# #.#.....#


You could see an orc priest.

Vanquished Creatures
  An adder (D:2)
  2 dart slugs (D:1)
  2 endoplasms (D:1)
  7 hobgoblins
  3 jackals (D:1)
  2 quokkas
  A ball python (D:1)
  3 goblins
  3 kobolds
  3 rats
27 creatures vanquished.

Notes
Turn   | Place    | Note
-------+----------+-------------------------------------------
     0 | D:1      | ILmort the Kobold Hunter began the quest for the Orb.
     0 | D:1      | Reached XP level 1. HP: 12/12 MP: 1/1
    63 | D:1      | Reached XP level 2. HP: 14/18 MP: 2/2
   366 | D:1      | Found a faded altar of an unknown god.
   525 | D:1      | Reached XP level 3. HP: 22/22 MP: 3/3
  1026 | D:2      | Reached skill level 6 in Ranged Weapons
  1770 | D:2      | Killed from afar by an orc priest

Illustrated notes

Levels and vault maps discovered:
D:1:      dpeg_arrival_tiny_h, layout_loops_ring,
          ebering_ecumenical_altar_abandoned,
          hangedman_abyss_or_decor_lesser_grid
D:2:      layout_basic, st_stairs_8, grunt_decor_fettered, hangedman_decor_push
D:3:      layout_loops_ring, mainiacjoe_overflow_brackets,
          gammafunk_ghost_nasty_kobolds, minmay_quantized

Skill      XL: |  1  2  3 |
---------------+----------+-----
Stealth        | 2 |  2.4
Ranged Weapons | 6 |  6.0
Dodging        | 3 |  3.0
Fighting       | |  2.7

Action                   || total
-------------------------++-------
Melee: Shortbow          ||     5
 Fire: Shortbow          ||    59
Throw: Dart              ||     1
Armor: Leather armour    ||     4
Dodge: Dodged            ||    27
